 Dungeon Crawl Stone Soup version 0.27.1-33-g824d729ab1 (webtiles) character file.

Game seed: 16736569600002862796

109 lonewolfV2 the Shield-Bearer (level 4, 0/42 HPs)
             Began as a Deep Dwarf Fighter on Dec 14, 2021.
             Slain by a gnoll (4 damage)
             ... on level 2 of the Dungeon.
             The game lasted 00:02:57 (1025 turns).

lonewolfV2 the Shield-Bearer (Deep Dwarf Fighter)   Turns: 1025, Time: 00:02:58

Health: 0/42       AC:  7    Str: 20    XL:     4   Next: 59%
Magic:  3/3        EV:  7    Int:  9    God:
Gold:   68         SH:  9    Dex: 12    Spells: 3/3 levels left

rFire    . . .     SeeInvis .   a - +0 war axe
rCold    . . .     Faith    .   c - +0 kite shield
rNeg     . . .     Spirit   .   b - +0 scale mail
rPois    .         Reflect  .   (no helmet)
rElec    .         Harm     .   (no cloak)
rCorr    .         Rampage  .   (no gloves)
Will     .....                  (no boots)
Stlth    ..........             (no amulet)
HPRegen  0.00/turn              (no ring)
MPRegen  0.08/turn              (no ring)

@: no status effects
A: damage resistance, heal wounds, sense surroundings 1, no regeneration
a: Heal Wounds


You were on level 2 of the Dungeon.
You visited 1 branch of the dungeon, and saw 2 of its levels.

You collected 68 gold pieces.

Inventory:

Hand Weapons
 a - a +0 war axe (weapon)
Armour
 b - a +0 scale mail (worn)
 c - a +0 kite shield (worn)
Scrolls
 e - a scroll of enchant weapon {unknown}
 g - a scroll of identify {unknown}
Potions
 d - a potion of might
 f - a potion of lignification {unknown}


   Skills:
 + Level 3.0 Fighting
 + Level 3.9 Axes
 + Level 3.8 Armour
 + Level 0.4 Dodging
 + Level 4.1 Shields


You had 3 spell levels left.
You didn't know any spells.
Your spell library contained the following spells:

 Spells                   Type           Power      Damage    Failure   Level
 Slow                     Hex            0%         N/A       100%        2
 Confusing Touch          Hex            0%         N/A       100%        3
 Vampiric Draining        Necr           0%         2d6       100%        3


Dungeon Overview and Level Annotations

Branches:
Dungeon (2/15)

Altars:


Innate Abilities, Weirdness & Mutations

You are resistant to damage.
You can heal yourself by infusing magical energy.
You passively map a small area around you.
You do not regenerate.


Message History

You hit the gnoll but do no damage.
A giant cockroach comes into view.
You block the gnoll's attack. The gnoll closely misses you.
You block the gnoll's attack. The gnoll hits you with a +0 spear.
* * * LOW HITPOINT WARNING * * *
The gnoll closely misses you.
You feel much better. You block the gnoll's attack.
The gnoll hits you but does no damage. The gnoll closely misses you.
You hit the gnoll.
The gnoll is severely wounded.
You closely miss the giant cockroach. You barely miss the gnoll.
The gnoll hits you but does no damage. You block the giant cockroach's attack.
You block the gnoll's attack.
The gnoll hits you from afar with a +0 halberd!
The gnoll barely misses you.
The giant cockroach bites you but does no damage.
Your shield and scale mail prevent you from hitting the gnoll.
The gnoll is severely wounded.
You hit the gnoll. You closely miss the giant cockroach.
The gnoll hits you but does no damage.
The gnoll hits you from afar with a +0 halberd!
You block the giant cockroach's attack. The gnoll hits you but does no damage.
The gnoll hits you from afar with a +0 halberd!
The gnoll hits you with a +0 spear.
The giant cockroach bites you but does no damage.
The gnoll hits you with a +0 club!
You slash the gnoll!
You kill the gnoll!
You hit the gnoll. You hit the giant cockroach.
You block the giant cockroach's attack. The gnoll closely misses you. x2
You slash the gnoll!
You kill the gnoll!
You hit the giant cockroach.
You kill the giant cockroach!
The gnoll hits you from afar with a +0 halberd.
The gnoll hits you from afar with a +0 halberd!
* * * LOW HITPOINT WARNING * * *
You fail to use your ability.
The gnoll hits you but does no damage.
The gnoll hits you from afar with a +0 halberd.
You die...

* , *#...# . , , ##...#
. ,,,,.....#, #* ** *
###....# * # . ..
,..#....#, # #..#.##.#
#.#.g.. , # #........
#.#))# . #
#..)..#.###.#.@#.#### *
###....##.........$.....
.##.#..............#####
†##.#..............#
.##.#..<...........#
.##.#..............# *
.##.#.....########## *
.##...†.#.# , * * *
...#...##.# ,


You could see a gnoll.

Vanquished Creatures
  3 adders (D:2)
  3 gnolls (D:2)
  A worm (D:2)
  2 dart slugs (D:1)
  An orc (D:2)
  An endoplasm (D:2)
  5 giant cockroaches
  8 hobgoblins
  A quokka (D:2)
  6 ball pythons
  3 bats
  9 frilled lizards
  3 goblins
  3 rats
49 creatures vanquished.

Notes
Turn   | Place    | Note
-------+----------+-------------------------------------------
     0 | D:1      | lonewolfV2 the Deep Dwarf Fighter began the quest for the
                  | Orb.
     0 | D:1      | Reached XP level 1. HP: 20/20 MP: 1/1
    95 | D:1      | Reached XP level 2. HP: 24/27 MP: 2/2
   536 | D:1      | Reached XP level 3. HP: 18/34 MP: 3/3
   786 | D:2      | Found a faded altar of an unknown god.
   973 | D:2      | Reached XP level 4. HP: 13/42 MP: 4/4
  1017 | D:2      | Reached skill level 4 in Shields
  1025 | D:2      | Slain by a gnoll

Illustrated notes

Levels and vault maps discovered:
D:1:      amcnicky_arrival_flooded_fountain, layout_basic,
          kennysheep_decorative_pillar
D:2:      layout_basic, basic_ecumenical_altar, basic_altar,
          chequers_mini_garden, kennysheep_generic_room_3

Skill      XL: |  1  2  3  4 |
---------------+-------------+-----
Fighting       | 3 |  3.0
Axes           | 3 |  3.9
Shields        | 4 |  4.1
Armour         | |  3.8
Dodging        | |  0.4

Action                   |  1- 3 |  4- 6 || total
-------------------------+-------+-------++-------
Melee: War axe           |   136 |    18 ||   154
 Abil: Heal Wounds       |       |     2 ||     2
Armor: Scale mail        |    56 |    21 ||    77
Dodge: Dodged            |    56 |    12 ||    68
Block: Kite shield       |    95 |    23 ||   118
